 Dungeon Crawl Stone Soup version 0.29-a0-43-g62a80824bf (webtiles) character file.

Game seed: 1936913630740779795

3 flyleaff the Grave Robber (level 1, -1/15 HPs)
             Began as a Deep Dwarf Necromancer on Feb 3, 2022.
             Slain by a kobold (5 damage)
             ... on level 1 of the Dungeon.
             The game lasted 00:00:47 (109 turns).

flyleaff the Grave Robber (Deep Dwarf Necromancer)   Turns: 109, Time: 00:00:48

Health: -1/15      AC:  2    Str: 11    XL:     1   Next: 41%
Magic:  3/3        EV: 12    Int: 15    God:
Gold:   0          SH:  0    Dex: 13    Spells: 3/4 levels left

rFire   . . .      SeeInvis .   d - +0 club
rCold   . . .      Faith    .   (no shield)
rNeg    . . .      Spirit   .   a - +0 robe
rPois   .          Reflect  .   (no helmet)
rElec   .          Harm     .   (no cloak)
rCorr   .          Rampage  .   (no gloves)
Will    .....                   (no boots)
Stlth   ++........              (no amulet)
HPRegen 0.00/turn               (no ring)
MPRegen 0.08/turn               (no ring)

@: no status effects
A: damage resistance, heal wounds, sense surroundings 1, no regeneration
a: Heal Wounds


You were on level 1 of the Dungeon.
You visited 1 branch of the dungeon, and saw 1 of its levels.

Inventory:

Hand Weapons
 d - a +0 club (weapon)
Armour
 a - a +0 robe (worn)
Jewellery
 c - a ring of ice
Scrolls
 b - a scroll of immolation {unknown}


   Skills:
 - Level 2.1 Dodging
 - Level 2.4 Stealth
 + Level 2.0 Spellcasting
 - Level 4.3 Necromancy


You had 3 spell levels left.
You knew the following spells:

 Your Spells              Type           Power      Damage    Failure   Level
a - Pain                  Necr           56%        1d6       3%          1

Your spell library contained the following spells:

 Spells                   Type           Power      Damage    Failure   Level
 Animate Skeleton         Necr           28%        N/A       3%          1
 Vampiric Draining        Necr           14%        2d7       11%         3
 Animate Dead             Necr           7%         N/A       36%         4
 Agony                    Necr           14%        N/A       71%         5


Dungeon Overview and Level Annotations

Branches:
Dungeon (1/15)

Altars:


Innate Abilities, Weirdness & Mutations

You are resistant to damage.
You can heal yourself by infusing magical energy.
You passively map a small area around you.
You do not regenerate.


Message History

Confirm with . or Enter, or press ? or * to list all spells.
Okay, then.
Casting: Pain (safe; 3% risk of failure)
Confirm with . or Enter, or press ? or * to list all spells.
Okay, then.
A kobold comes into view.
It is wielding a +1 whip of electrocution.
The kobold shouts!
The kobold throws a stone.
The stone hits you.
A frilled lizard comes into view.
The helpless endoplasm fails to defend itself.
You hit the endoplasm.
The endoplasm is almost dead.
The frilled lizard hisses angrily.
The endoplasm freezes you.
You are frozen.
You completely miss the endoplasm.
The endoplasm is almost dead.
The endoplasm freezes you.
You are frozen.
The kobold throws a stone.
The stone barely misses you. The endoplasm misses you.
You hit the endoplasm.
You kill the endoplasm!
The kobold throws a stone.
The stone hits you.
Your Spellcasting skill increases to level 2!
You are too injured to fight recklessly!
You are too injured to fight recklessly!
You are too injured to fight recklessly!
You are too injured to fight recklessly!
You barely miss the frilled lizard. The frilled lizard misses you.
You hit the frilled lizard.
The frilled lizard is heavily wounded.
The frilled lizard misses you.
You hit the frilled lizard.
You kill the frilled lizard!
The kobold hits you with a +1 whip of electrocution.
You hit the kobold but do no damage.
The kobold hits you with a +1 whip of electrocution.
* * * LOW HITPOINT WARNING * * *
The kobold hits you with a +1 whip of electrocution.
You die...

* * *, * * *#.#.#. ,
. ...... .#..#.#
*......* # ### #....,
.### * .... ###..##
...... ,
.....#..†..###......
,
,.......@K...........
.............#..... *
* ####...............
* , ..............##*
** ####..........###
####.........# *
#........##.# *
#.......###.#*
#...........#


You could see a kobold.

Vanquished Creatures
  An endoplasm (D:1)
  A bat (D:1)
  A frilled lizard (D:1)
  A goblin (D:1)
4 creatures vanquished.

Notes
Turn   | Place    | Note
-------+----------+-------------------------------------------
     0 | D:1      | flyleaff the Deep Dwarf Necromancer began the quest for the
                  | Orb.
     0 | D:1      | Reached XP level 1. HP: 15/15 MP: 3/3
   109 | D:1      | Slain by a kobold

Illustrated notes

Levels and vault maps discovered:
D:1:      kennysheep_arrival_seaside, layout_loops_cross

Skill      XL: |  1 |
---------------+----+-----
Spellcasting   | 2 |  2.0
Dodging        | |  2.1
Stealth        | |  2.4
Necromancy     | |  4.3

Action                   || total
-------------------------++-------
Melee: Unarmed           ||    17
       Club              ||     7
 Stab: Sleeping          ||     2
Armor: Robe              ||    11
Dodge: Dodged            ||    23

Table legend: (Time is in decaauts)
 A = Elapsed time spent in this place.
 B = Non-inter-level travel time spent in this place.
 C = Inter-level travel time spent in this place.
 D = Time resting spent in this place.
 E = Time spent auto-exploring this place.
 F = Levels seen in this place.
 G = Mean time per level.
                   A        B        C        D        E       F      G
               +--------+--------+--------+--------+--------+-----+--------+
         Total |    110 |    110 |      0 |      0 |     57 |   1 |  110.0 |
       Dungeon |    110 |    110 |      0 |      0 |     57 |   1 |  110.0 |
               +--------+--------+--------+--------+--------+-----+--------+

Top non-repeatable levels by time:
     D:1: 110 daAuts
